AoeStats
← Blyad _Mann

Black Forest

510294990Analyzed
4v4 RM · 3d ago on Sep 30, 2026· 44m 6s· 8 players
Game mode
Random Map
Map size
Large (8 player)
Population
200
Speed
Normal
Resources
Standard
Victory
Conquest
Starting age
Dark Age
Ending age
Imperial Age
RankedLock teamsTeams togetherTeam positionsShared explorationLock speedFull tech treeHidden civsTurbo modeCheats
Victory
Defeat
🇨🇳 Magyars · China
1013
+15
🇳🇱 Varangians · Netherlands
996
+15
🇩🇪 Burgundians · Germany
973
+16
🇫🇷 Celts · France
962
+16
1017
-17
🇨🇳 Saxons · China
997
-16
🇨🇳 Vikings · China
962
-44
🇨🇳 Mongols · China
948
-14
Blyad _Mann
0:30 Loom
13:01 Feudal Age
13:22 Horse Collar
13:27 Double-Bit Axe
19:19 Castle Age
18:06 Stone Mining
18:09 Gold Mining
20:26 Bow Saw
20:18 Heavy Plow
25:32 Wheelbarrow
27:17 Hand Cart
32:08 Imperial Age
30:11 Scale Mail Armor
30:21 Forging
30:46 Squires
30:31 Gambesons
30:32 Arson
31:47 Chain Mail Armor
32:10 Gothikon
32:12 Elite Varangian Guard
33:41 Iron Casting
33:41 Plate Mail Armor
35:16 Crop Rotation
36:10 Conscription
37:28 Blast Furnace
37:16 Guilds
37:38 Bloodlines
37:28 Husbandry
36:48 Cavalier
39:07 Scale Barding Armor
41:19 Chain Barding Armor
40:29 Vendel Legacy
acac
2:01 Loom
3:25 Loom
10:49 Double-Bit Axe
15:35 Feudal Age
13:50 Horse Collar
17:48 Bow Saw
19:58 Castle Age
18:16 Heavy Plow
20:51 Wheelbarrow
22:33 Two-Man Saw
22:32 Hand Cart
25:09 Gold Mining
28:14 Elite Skirmisher
31:43 Imperial Age
30:18 Treadmill Crane
31:43 Scale Barding Armor
31:50 Forging
31:31 Fletching
32:25 Crop Rotation
34:15 Chemistry
33:36 Ballistics
33:38 Bodkin Arrow
34:05 Chain Barding Armor
34:22 Iron Casting
34:35 Gold Shaft Mining
34:41 Conscription
35:50 Bracer
35:51 Padded Archer Armor
Frardor /Transis
1:49 Loom
12:59 Feudal Age
14:19 Wheelbarrow
13:30 Double-Bit Axe
13:26 Horse Collar
13:40 Gold Mining
14:00 Stone Mining
21:38 Castle Age
21:07 Arson
21:37 Forging
21:28 Scale Mail Armor
21:56 Town Watch
22:58 Hand Cart
24:08 Bow Saw
24:12 Town Patrol
26:12 Iron Casting
25:53 Chain Mail Armor
27:38 Heavy Plow
35:46 Imperial Age
36:31 Caravan
37:50 Blast Furnace
37:20 Plate Mail Armor
37:14 Conscription
36:27 Elite Woad Raider
36:30 Capped Ram
37:14 Siege Ram
39:32 Furor Celtica
40:04 Siege Engineers
40:11 Masonry
40:22 Ballistics
39:58 Murder Holes
40:14 Fortified Wall
41:04 Chemistry
43:55 Gambesons
dashjk
1:21 Loom
13:46 Feudal Age
18:22 Bloodlines
18:59 Scale Barding Armor
18:58 Double-Bit Axe
19:03 Horse Collar
27:29 Castle Age
26:29 Wheelbarrow
28:16 Light Cavalry
29:18 Chain Barding Armor
31:42 Hand Cart
33:35 Stone Mining
33:35 Gold Mining
34:55 Husbandry
36:14 Town Watch
38:45 Heavy Plow
39:39 Corvinian Army
45:20 Imperial Age
宝宝巴士
10:02 Feudal Age
14:22 Castle Age
13:33 Loom
23:15 Gold Mining
23:16 Stone Mining
23:24 Double-Bit Axe
23:30 Horse Collar
29:32 Imperial Age
27:58 Bow Saw
28:24 Gold Shaft Mining
27:50 Heavy Plow
28:32 Bloodlines
28:26 Husbandry
29:40 Wheelbarrow
31:09 Thumb Ring
36:06 Parthian Tactics
35:44 Pikeman
38:21 Forging
38:12 Scale Mail Armor
mikey
10:37 Feudal Age
14:55 Castle Age
12:47 Double-Bit Axe
20:03 Bow Saw
22:51 Horse Collar
24:26 Heavy Plow
26:11 Gambesons
26:29 Squires
26:15 Arson
27:44 Wheelbarrow
26:55 Loom
26:55 Town Watch
27:28 Forging
27:18 Scale Mail Armor
27:23 Gold Mining
27:25 Stone Mining
29:33 Iron Casting
29:13 Chain Mail Armor
30:01 Hand Cart
33:32 Imperial Age
31:51 Gold Shaft Mining
32:42 Iron Casting
32:22 Chain Mail Armor
33:42 Shield Wall
33:46 Elite Hearth Troop
33:58 Elite Varangian Guard
35:28 Plate Mail Armor
35:49 Conscription
36:12 Town Patrol
39:27 Hoardings
38:50 Fletching
39:09 Scale Barding Armor
44:19 Two-Man Saw
43:51 Crop Rotation
Governor1234
4:51 Loom
12:18 Feudal Age
13:05 Double-Bit Axe
15:32 Horse Collar
20:50 Gold Mining
20:50 Stone Mining
又菜又爱打帝国
11:28 Loom
15:39 Feudal Age
20:25 Castle Age
18:39 Double-Bit Axe
19:43 Stone Mining
22:53 Bow Saw
22:46 Horse Collar
23:52 Heavy Plow
28:06 Wheelbarrow
28:13 Bow Saw
27:53 Gold Mining
28:27 Fletching
28:38 Padded Archer Armor
34:02 Imperial Age
34:08 Bodkin Arrow
34:29 Leather Archer Armor
33:47 Crossbowman
34:49 Fereters
35:09 Conscription
35:01 Gold Mining
35:05 Arbalester
36:27 Hand Cart
35:47 Capped Ram
39:19 Chemistry
Connection lost

Rejoining the realm…

Still unreachable

The connection could not be restored.

Session expired

The server has moved on; the page needs a fresh start.